 Dungeon Crawl Stone Soup version 0.21.1-1-g345015f (webtiles) character file.

278 wilfster70 the Covered (level 6, 0/39 HPs)
             Began as a Halfling Warper on June 12, 2018.
             Was a Follower of Makhleb.
             Succumbed to an orc's poison
             ... on level 4 of the Dungeon.
             The game lasted 00:15:11 (4200 turns).

wilfster70 the Covered (Halfling Warper)            Turns: 4200, Time: 00:15:12

Health: 0/39       AC: 11    Str: 12 (13) XL:     6   Next: 51%
Magic:  8/8        EV: 12    Int: 11 (12) God:    Makhleb [*.....]
Gold:   187        SH:  0    Dex: 13 (14) Spells: 4/8 levels left

rFire    . . .     SeeInvis .   a - +0 short sword
rCold    . . .     Gourm    .   (shield restricted)
rNeg     . . .     Faith    .   o - +3 scale mail
rPois    .         Spirit   .   b - +0 helmet
rElec    .         Reflect  .   (no cloak)
rCorr    .         Harm     .   (no gloves)
MR       .....                  (no boots)
Stlth    ..........             (no amulet)
HPRegen  0.13/turn              (no ring)
MPRegen  0.11/turn              (no ring)

@: lethally poisoned (0 -> -1)
A: small, mutation resistance 1
a: Renounce Religion


You were on level 4 of the Dungeon.
You worshipped Makhleb.
Makhleb was aware of your devotion.
You were not hungry.

You visited 1 branch of the dungeon, and saw 4 of its levels.

You collected 187 gold pieces.

Inventory:

Hand Weapons
 a - a +0 short sword (weapon)
Missiles
 e - 5 tomahawks of dispersal (quivered)
 g - 69 stones
 n - 25 sling bullets
 v - 8 poisoned needles
Armour
 b - a +0 helmet (worn)
 o - a +3 scale mail (worn)
 t - a +0 large shield
Scrolls
 d - 3 scrolls of blinking
 j - a scroll of fog {unknown}
 k - 3 scrolls of teleportation {unknown}
 p - a scroll of amnesia {unknown}
 q - a scroll of enchant weapon {unknown}
 r - 2 scrolls of magic mapping {unknown}
 s - 2 scrolls of identify {unknown}
Books
 c - a book of Spatial Translocations

   Spells                             Type                      Level
   a - Blink                          Translocation                2
   b - Shroud of Golubria             Charms/Translocation         2
   c - Lesser Beckoning               Translocation                3
   d - Gell's Gravitas                Translocation                3
   e - Teleport Other                 Translocation                3
   f - Passage of Golubria            Translocation                4
Comestibles
 f - 6 rations
 h - 5 chunks of flesh


   Skills:
 - Level 1.7 Fighting
 - Level 4.1 Short Blades
 - Level 1.0 Throwing
 + Level 4.7 Armour
 - Level 2.1 Dodging
 - Level 1.5 Spellcasting
 + Level 3.2 Charms
 - Level 3.2 Translocations


You had 4 spell levels left.
You knew the following spells:

 Your Spells              Type           Power        Failure   Level  Hunger
a - Blink                 Tloc           N/A          50%         2    ###....
b - Shroud of Golubria    Chrm/Tloc      #.........   50%         2    ###....


Dungeon Overview and Level Annotations

Branches:
Dungeon (4/15)
 Temple: D:4-7

Altars:
Elyvilon
Fedhas
Makhleb
Sif Muna
Uskayaw
Xom

Shops:
D:4 :(*[(

Annotations:
D:4 Iko's ghost, amateur DDAs


Innate Abilities, Weirdness & Mutations

You are small and have problems with some larger weapons.
You are somewhat resistant to further mutation.


Message History

* * * LOW HITPOINT WARNING * * *
You feel sick.
* * * LOW HITPOINT WARNING * * *
You feel sick.
* * * LOW HITPOINT WARNING * * *
You feel sick.
Iko's ghost screams, "I'll kill anyone who wants the ORB!"
* * * LOW HITPOINT WARNING * * *
You feel sick.
* * * LOW HITPOINT WARNING * * *
You feel sick.
* * * LOW HITPOINT WARNING * * *
You feel sick.
* * * LOW HITPOINT WARNING * * *
You feel sick.
* * * LOW HITPOINT WARNING * * *
You feel sick. The orc barely misses you. Iko's ghost completely misses you.
You die...

#...# #######.......∩..#
###...# .#######.#........#
.....####..........)#..#####
........ ..#####...###.#
...#### #. #≈≈...≈≈#.# ...#
#.###≈..♣..≈#.# ####
#..>..........#
###...♣._.♣...#
##...@......# ##≈..♣..≈#.#
#≈≈oW.≈≈#.# ###..o###.#
##......# ########


You could see Iko's ghost and 2 orcs.

Vanquished Creatures
  A scorpion (D:4)
  A howler monkey (D:2)
  A hound (D:3)
  Terence (D:3)
  A worker ant (D:4)
  A hound skeleton (D:4)
  4 adders
  A dart slug (D:2)
  2 leopard geckos (D:2)
  6 orcs
  A ball python (D:4)
  3 giant cockroaches
  9 goblins
  7 hobgoblins
  3 jackals (D:2)
  5 kobolds
  A quokka (D:3)
  3 bats (D:1)
  3 frilled lizards
  5 rats
59 creatures vanquished.

Vanquished Creatures (others)
  A quokka (D:4)
1 creature vanquished.

Grand Total: 60 creatures vanquished

Notes
Turn   | Place    | Note
-------+----------+-------------------------------------------
     0 | D:1      | wilfster70 the Halfling Warper began the quest for the Orb.
     0 | D:1      | Reached XP level 1. HP: 14/14 MP: 3/3
   502 | D:1      | Reached XP level 2. HP: 19/19 MP: 4/4
   512 | D:1      | Learned a level 2 spell: Blink
   515 | D:1      | Learned a level 2 spell: Shroud of Golubria
  1129 | D:2      | Reached XP level 3. HP: 20/24 MP: 5/5
  1215 | D:2      | Found a shimmering altar of Xom.
  1221 | D:2      | Found a deep blue altar of Sif Muna.
  1227 | D:2      | Found a blossoming altar of Fedhas.
  1286 | D:2      | Found a hide-covered altar of Uskayaw.
  1849 | D:2      | Reached XP level 4. HP: 21/29 MP: 6/6
  2168 | D:2      | Found a faded altar of an unknown god.
  2181 | D:2      | Became a worshipper of Makhleb the Destroyer
  2181 | D:2      | Reached * piety under Makhleb
  2598 | D:3      | Noticed Terence
  2661 | D:3      | Killed Terence
  2661 | D:3      | Reached skill level 1 in Charms
  2661 | D:3      | Reached XP level 5. HP: 27/34 MP: 7/7
  3181 | D:4      | Found Xunoesk's Assorted Antiques.
  3181 | D:4      | Noticed Iko's ghost (amateur DDAs)
  3488 | D:4      | Found Ucias's Book Shop.
  3558 | D:4      | Reached XP level 6. HP: 8/39 MP: 8/8
  3581 | D:4      | HP: 1/39 [poisoned by a scorpion]
  3913 | D:4      | Noticed a phantom
  3914 | D:4      | Found Kosok Fun's Weapon Boutique.
  3982 | D:4      | Found Syryxt's Weapon Boutique.
  4045 | D:4      | Noticed an ogre
  4086 | D:4      | Found Zusuraps's Armour Emporium.
  4103 | D:4      | Found a white marble altar of Elyvilon.
  4193 | D:4      | HP: 1/39 [poisoned by an orc]
  4200 | D:4      | Succumbed to an orc's poison

Skill      XL: |  1  2  3  4  5  6 |
---------------+-------------------+-----
Short Blades   | 3 4 |  4.1
Armour         | 2 3 4 |  4.7
Charms         | 1 2 3 |  3.2
Fighting       | |  1.7
Throwing       | |  1.0
Dodging        | |  2.1
Spellcasting   | |  1.5
Translocations | |  3.2

Action                   |  1- 3 |  4- 6 || total
-------------------------+-------+-------++-------
Melee: Short sword       |   109 |   291 ||   400
 Cast: Blink             |       |     1 ||     1
  Use: Scroll            |     1 |       ||     1
       Potion            |       |     4 ||     4
  Eat: Chunk             |     3 |     5 ||     8
       Ration            |       |     1 ||     1
Armor: Leather armour    |    14 |       ||    14
       Scale mail        |    12 |   111 ||   123
Dodge: Dodged            |    76 |   160 ||   236
